 Dungeon Crawl Stone Soup version 0.24.0-13-gcf9b3192b9 (webtiles) character file.

Game seed: 17210330832134268972, levelgen mode: deterministic

107 Bram the Sneak (level 5, -3/31 HPs)
             Began as a Kobold Ice Elementalist on Nov 8, 2019.
             Slain by an orc
             ... wielding a +0 trident
              (7 damage)
             ... on level 3 of the Dungeon.
             The game lasted 00:04:29 (2082 turns).

Bram the Sneak (Kobold Ice Elementalist)            Turns: 2082, Time: 00:04:29

Health: -3/31      AC:  3    Str:  6    XL:     5   Next: 11%
Magic:  1/8        EV: 15    Int: 17    God:
Gold:   116        SH:  0    Dex: 15    Spells: 7/8 levels left

rFire    . . .     SeeInvis .   e - +3 dagger
rCold    . . .     Gourm    .   (shield restricted)
rNeg     . . .     Faith    .   a - +0 robe
rPois    .         Spirit   .   (no helmet)
rElec    .         Reflect  .   (no cloak)
rCorr    .         Harm     .   p - +0 pair of gloves
MR       .....                  (no boots)
Stlth    +++.......             (no amulet)
HPRegen  0.10/turn              (no ring)
MPRegen  0.11/turn              (no ring)

@: very slightly contaminated, hasted and slowed
A: small, carnivore
a: no special abilities


You were on level 3 of the Dungeon.
You were full.

You visited 1 branch of the dungeon, and saw 3 of its levels.

You collected 116 gold pieces.

Inventory:

Hand Weapons
 d - a +0 short sword
 e - a +3 dagger (weapon)
 s - a +0 quarterstaff of protection
Missiles
 l - 6 stones (quivered)
 r - 19 sling bullets
Armour
 a - a +0 robe (worn)
 m - a +2 robe of magic resistance
 p - a +0 pair of gloves (worn)
Jewellery
 v - a cursed ring of teleportation {unknown}
Scrolls
 b - a scroll of immolation {unknown}
 i - a scroll of noise {unknown}
 j - 3 scrolls of teleportation {unknown}
 n - a scroll of enchant armour {unknown}
 t - a scroll of enchant weapon {unknown}
Potions
 f - 2 potions of haste
 g - 2 potions of invisibility {unknown}
 h - a potion of magic {unknown}
 k - a potion of ambrosia {unknown}
 o - a potion of degeneration {unknown}
 q - a potion of curing {unknown}
 u - a potion of berserk rage {unknown}
Comestibles
 c - 5 rations


   Skills:
 + Level 2.3 Fighting
 - Level 2.4 Dodging
 - Level 5.0 Stealth
 - Level 2.1 Spellcasting
   Level 1.0 Conjurations
 + Level 3.8 Ice Magic


You had 7 spell levels left.
You knew the following spells:

 Your Spells              Type           Power        Failure   Level  Hunger
a - Freeze                Ice            ##..         4%          1    #......

Your spell library contained the following spells:

 Spells                   Type           Power        Failure   Level  Hunger
 Throw Frost              Conj/Ice       ##....       11%         2    ###....
 Ozocubu's Armour         Chrm/Ice       #.......     26%         3    ###....
 Throw Icicle             Conj/Ice       ##......     56%         4    #####..
 Summon Ice Beast         Ice/Summ       #.......     65%         4    #####..


Dungeon Overview and Level Annotations

Branches:
Dungeon (3/15)

Altars:


Innate Abilities, Weirdness & Mutations

You are small and have problems with some larger weapons.
You are carnivorous and can eat meat at any time.


Message History

* * * LOW HITPOINT WARNING * * *
The orc wizard closely misses you.
Casting: Freeze (safe; 4% risk of failure)
Confirm with . or Enter, or press ? or * to list all spells.
Aiming: Freeze (safe; 4% risk of failure)
Press: ? - help, Shift-Dir - straight line, f/p - orc wizard
Aim: an orc wizard, wielding a +0 dagger and wearing a +0 robe (heavily wounded, fast)
You freeze the orc wizard.
The orc wizard is severely wounded.
The orc wizard gestures at you while chanting.
You feel yourself slow down.
The orc hits you from afar with a +0 trident.
* * * LOW HITPOINT WARNING * * *
Unknown command.
It was a potion of haste.
You feel yourself speed up.
The orc wizard hits you with a +0 dagger.
* * * LOW HITPOINT WARNING * * *
The orc wizard misses you.
The orc hits you from afar with a +0 trident!
You die...

#..## .## #.## #
#.# ########.# .#
#......#.# .#
#........# ##.###
#.......####......
#......####...#
#........@oo.#
#.......###o.#
#......## #.##
#......# ##.###
#......#
#.....#######.#
#......#
...........(..#
########........<#
#.........#
#..ยง......#


You could see an orc wizard and 2 orcs.

Vanquished Creatures
  An orc wizard (D:3)
  A gnoll (D:1)
  2 adders
  An ooze (D:1)
  A worm (D:2)
  A dart slug (D:2)
  3 leopard geckos
  A ball python (D:1)
  A giant cockroach (D:1)
  5 goblins
  3 hobgoblins
  2 kobolds (D:1)
  11 bats
  2 frilled lizards
  3 rats
38 creatures vanquished.

Notes
Turn   | Place    | Note
-------+----------+-------------------------------------------
     0 | D:1      | Bram the Kobold Ice Elementalist began the quest for the
                  | Orb.
     0 | D:1      | Reached XP level 1. HP: 10/10 MP: 3/3
    88 | D:1      | Reached skill level 3 in Stealth
   154 | D:1      | Reached XP level 2. HP: 15/15 MP: 1/5
   227 | D:1      | Reached skill level 4 in Stealth
   400 | D:1      | Reached XP level 3. HP: 7/19 MP: 1/6
   402 | D:1      | Reached skill level 5 in Stealth
  1079 | D:2      | Reached skill level 1 in Fighting
  1352 | D:2      | Reached XP level 4. HP: 25/25 MP: 4/7
  1941 | D:3      | Found a faded altar of an unknown god.
  2078 | D:3      | Reached XP level 5. HP: 21/31 MP: 2/8
  2082 | D:3      | Slain by an orc

Levels and vault maps discovered:
D:1:      scummos_arrival_forest, layout_rooms
D:2:      layout_loops_ring
D:3:      layout_rooms, chequers_ecumenical_altar_island

Skill      XL: |  1  2  3  4 |
---------------+-------------+-----
Stealth        | 3 4 5 |  5.0
Fighting       | 1 2 |  2.3
Dodging        | |  2.4
Spellcasting   | |  2.1
Conjurations   | |  1.0
Ice Magic      | |  3.8

Action                   |  1- 3 |  4- 6 || total
-------------------------+-------+-------++-------
Melee: Dagger            |    21 |    10 ||    31
 Cast: Freeze            |    33 |    19 ||    52
  Use: Potion            |       |     1 ||     1
 Stab: Sleeping          |     1 |     3 ||     4
  Eat: Chunk             |    10 |       ||    10
Armor: Robe              |    15 |     1 ||    16
Dodge: Dodged            |    37 |    22 ||    59
